 Dungeon Crawl Stone Soup version 0.23-a0-644-gb60d84b (webtiles) character file.

340 MisterFreud the Slasher (level 6, -5/42 HPs)
             Began as an Octopode Fighter on Jan 1, 2019.
             Killed by nerve-wracking pain
             ... invoked by an orc priest
              (14 damage)
             ... on level 4 of the Dungeon.
             The game lasted 00:03:59 (3766 turns).

MisterFreud the Slasher (Octopode Fighter)          Turns: 3766, Time: 00:04:00

Health: -5/42      AC:  1    Str: 15    XL:     6   Next: 56%
Magic:  6/6        EV: 11    Int: 12    God:
Gold:   239        SH:  8    Dex: 12    Spells: 5/5 levels left

rFire    . . .     SeeInvis .   a - +0 long sword
rCold    . . .     Gourm    .   b - +0 shield
rNeg     . . .     Faith    .   (helmet restricted)
rPois    .         Spirit   .   (no amulet)
rElec    .         Reflect  .   r - ring of protection from magic
rCorr    .         Harm     .   (no ring)
MR       +....                  (no ring)
Stlth    ++........             (no ring)
HPRegen  0.14/turn              (no ring)
MPRegen  0.10/turn              (no ring)
                                (no ring)
                                (no ring)

@: no status effects
A: almost no armour, stealthy swim, amphibious, 8 rings, constrict 8, camouflage
1, gelatinous body 1
a: no special abilities


You were on level 4 of the Dungeon.
You were not hungry.

You visited 1 branch of the dungeon, and saw 4 of its levels.

You collected 239 gold pieces.

Inventory:

Hand Weapons
 a - a +0 long sword (weapon)
Missiles
 f - a throwing net (quivered)
 g - 13 poisoned needles
 h - 82 arrows
 i - 99 stones
 k - 20 bolts
 p - 7 tomahawks
Armour
 b - a +0 shield (worn)
Jewellery
 r - a ring of protection from magic (left tentacle)
Scrolls
 e - 5 scrolls of identify {unknown}
 l - a scroll of magic mapping {unknown}
 n - 2 scrolls of immolation {unknown}
 o - 3 scrolls of teleportation {unknown}
Potions
 c - a potion of might
 j - a potion of curing {unknown}
 m - 2 potions of heal wounds {unknown}
 q - a potion of berserk rage {unknown}
 t - a potion of flight {unknown}
 u - a potion of agility {unknown}
Comestibles
 d - 10 rations
 s - 6 chunks of flesh


   Skills:
 - Level 3.0 Fighting
 + Level 6.8 Long Blades
 - Level 3.0 Dodging
 - Level 3.0 Shields


You had 5 spell levels left.
You didn't know any spells.
Your spell library was empty.

Dungeon Overview and Level Annotations

Branches:
Dungeon (4/15)
 Temple: D:4-7

Altars:
Yredelemnul
Zin


Innate Abilities, Weirdness & Mutations

You cannot wear most types of armour.
You are very stealthy in the water. (Stealth+)
You are amphibious.
You can wear up to eight rings at the same time.
You can use your tentacles to constrict eight enemies at once.
Your skin changes colour to match your surroundings (Stealth+).
Your rubbery body absorbs attacks. (AC +1, EV +1)


Message History

You hit the orc priest.
You squeeze the orc priest, but do no damage.
The orc priest is heavily wounded.
You hit the orc priest.
The orc priest is severely wounded.
You constrict the orc priest.
The orc priest hits you with a +0 falchion!
The orc priest hits you with a +0 short sword!
You block the orc priest's attack.
The orc priest hits you but does no damage.
You hit the orc priest. You grab the orc priest.
The orc priest is lightly wounded.
You constrict the orc priest.
You kill the orc priest!
You constrict the orc priest.
The orc priest hits you with a +0 short sword!
* * * LOW HITPOINT WARNING * * *
The orc priest mumbles some strange prayers to Beogh against you.
Pain shoots through your body!
You die...

.. ... .. #### ##### # #.
#..###o).#...# .
###.###..##.@o...#
..#...........##..##.... ..
. ..............# .......
Z.. # ..............##
#.....# ...# #
#......###....###.....###..#
. #.###...##.....#
#.....#...## .
###..........###..........#
.
.#.............#............
#................#.....#


You could see 2 orc priests.

Vanquished Creatures
  A crimson imp (D:3)
  An orc priest (D:4)
  A gnoll shaman (D:3)
  A worker ant (D:2)
  11 gnolls
  4 adders
  3 worms
  2 dart slugs
  2 leopard geckos
  4 orcs (D:3)
  7 giant cockroaches
  5 hobgoblins
  4 jackals (D:4)
  4 kobolds
  6 bats
  4 frilled lizards
  7 goblins
  5 rats
72 creatures vanquished.

Notes
Turn   | Place    | Note
-------+----------+-------------------------------------------
     0 | D:1      | MisterFreud the Octopode Fighter began the quest for the
                  | Orb.
     0 | D:1      | Reached XP level 1. HP: 16/16 MP: 1/1
   152 | D:1      | Reached XP level 2. HP: 19/21 MP: 2/2
   374 | D:1      | Reached skill level 3 in Long Blades
   702 | D:2      | Reached XP level 3. HP: 26/26 MP: 3/3
   895 | D:2      | Reached skill level 4 in Long Blades
   901 | D:2      | Reached XP level 4. HP: 6/31 MP: 4/4
  2048 | D:3      | Reached skill level 5 in Long Blades
  2048 | D:3      | Reached XP level 5. HP: 34/36 MP: 5/5
  2891 | D:3      | Found a basalt altar of Yredelemnul.
  2891 | D:3      | Found a glowing silver altar of Zin.
  2971 | D:3      | Reached skill level 6 in Long Blades
  3249 | D:4      | Reached XP level 6. HP: 42/42 MP: 6/6
  3766 | D:4      | Killed from afar by an orc priest

Vault maps used:
D:1:      mrwooster_arrival_statue_2
D:3:      gammafunk_temple_overflow_statue, first_ration
D:4:      minmay_general_purpose_star, kennysheep_mini_moat, minivault_23,
          cheibrodos_gnoll_hut

Skill      XL: |  1  2  3  4  5 |
---------------+----------------+-----
Long Blades    | 3 4 5 6 |  6.8
Fighting       | |  3.0
Dodging        | |  3.0
Shields        | |  3.0

Action                   |  1- 3 |  4- 6 || total
-------------------------+-------+-------++-------
Melee: Long sword        |    46 |    86 ||   132
       Constrict         |    16 |    27 ||    43
       Tentacles         |    10 |    29 ||    39
 Stab: Sleeping          |     4 |     7 ||    11
  Eat: Chunk             |       |     9 ||     9
Armor: Skin              |       |     5 ||     5
Dodge: Dodged            |    20 |    31 ||    51
Block: Shield            |    17 |    28 ||    45
       Rpst.: Long sword |     6 |    11 ||    17

Table legend:
 A = Non-vault XP
 B = Vault XP
 C = Vault XP percentage of total XP
 D = Non-vault monster count
 E = Vault monster count
 F = Vault count percentage of total count
                 A         B        C        D         E       F
            +---------+---------+-------+---------+---------+-------
      Total |     487 |       0 |   0.0 |      72 |       0 |   0.0
            +---------+---------+-------+---------+---------+-------
        D:1 |      29 |       0 |   0.0 |      17 |       0 |   0.0
        D:2 |     151 |       0 |   0.0 |      18 |       0 |   0.0
        D:3 |     189 |       0 |   0.0 |      26 |       0 |   0.0
        D:4 |     118 |       0 |   0.0 |      11 |       0 |   0.0
            +---------+---------+-------+---------+---------+-------
